 Dungeon Crawl Stone Soup version 0.20.0-15-g7f486f2 (webtiles) character file.

56 KleinerIrrer the Skirmisher (level 3, -2/24 HPs)
             Began as a Gargoyle Fighter on June 24, 2017.
             Slain by a gnoll
             ... wielding a +0 spear
              (3 damage)
             ... on level 2 of the Dungeon.
             The game lasted 00:02:05 (644 turns).

KleinerIrrer the Skirmisher (Gargoyle Fighter)       Turns: 644, Time: 00:02:05

Health: -2/24      AC: 10    Str: 25    XL:     3   Next: 95%
Magic:  3/3        EV:  7    Int:  8    God:
Gold:   34         SH:  9    Dex:  9    Spells: 2/2 levels left

rFire    . . .     SeeInvis .   n - +2 whip (venom)
rCold    . . .     Gourm    .   c - +0 shield
rNeg     + . .     Faith    .   b - +0 scale mail
rPois    ∞         Spirit   .   (no helmet)
rElec    +         Reflect  .   (no cloak)
rCorr    .         Harm     .   (no gloves)
MR       .....                  (no boots)
Stlth    ..........             (no amulet)
Regen    0.1/turn               (no ring)
MPRegen  0.1/turn               (no ring)

@: mighty
A: negative energy resistance 1, electricity resistance, unbreathing,
petrification resistance, rot immunity, AC +3
a: no special abilities


You were on level 2 of the Dungeon.
You were not hungry.

You visited 1 branch of the dungeon, and saw 2 of its levels.

You collected 34 gold pieces.

Inventory:

Hand Weapons
 a - a +0 flail
 n - a +2 whip of venom (weapon)
Armour
 b - a +0 scale mail (worn)
 c - a +0 shield (worn)
Scrolls
 e - 2 scrolls of identify {unknown}
 g - a scroll of remove curse {unknown}
 h - a scroll of enchant weapon {unknown}
 i - 2 scrolls of fog {unknown}
Potions
 k - a potion of berserk rage {unknown}
 l - a potion of curing {unknown}
 m - a potion of ambrosia {unknown}
Comestibles
 f - a bread ration
 j - a meat ration


   Skills:
 + Level 4.1 Fighting
 + Level 2.2 Maces & Flails
 + Level 3.7 Armour
 + Level 0.1 Dodging
 + Level 4.0 Shields


You had 2 spell levels left.
You didn't know any spells.

Dungeon Overview and Level Annotations

Branches:
Dungeon (2/15)

Altars:


Innate Abilities, Weirdness & Mutations

You are resistant to torment.
Your stone body is resilient. (AC +3)
You are immune to poison.
You resist negative energy. (rN+)
You are resistant to electric shocks. (rElec)
You can survive without breathing.
You are immune to petrification.
You are immune to rotting.


Message History

You hit the gnoll.
You kill the gnoll!
Your Fighting skill increases to level 4!
The gnoll hits you but does no damage.
You feel very mighty all of a sudden. You block the gnoll's attack.
The goblin hits you but does no damage.
You hit the goblin.
You kill the goblin!
The gnoll hits you from afar with a spear.
* * * LOW HITPOINT WARNING * * *
You barely miss the adder.
The gnoll hits you from afar with a spear.
* * * LOW HITPOINT WARNING * * *
The adder bites you but does no damage.
You whack the adder!
The adder is poisoned.
The adder is almost dead.
You kill the adder!
Your Shields skill increases to level 4!
The gnoll hits you from afar with a spear.
You die...

### #.# ..# #.#.# #.#
#.#.#.# #.# #.#.#.#
#######+### #.#.###.#.#.#
#.........# #.# ....#.#.#
#.........# #.# #..#.#.#
.........# #.#
#..#.#.######.....#
#.####....#.....@)g)...#
#....#<##....#####g........
###..(.##.##.# #.....#####
##..(..##....# #.....#
.......####..# #.....#
##(#.#........ .....>#
#.#.#####.#.# ###....#
#.#.# #.#.# #....# #.#.#
#.#.#


You could see 2 gnolls.

Vanquished Creatures
  An adder (D:2)
  2 gnolls (D:2)
  An ooze (D:1)
  A leopard gecko (D:1)
  3 goblins
  4 hobgoblins (D:1)
  3 jackals (D:1)
  2 kobolds
  2 bats (D:1)
  2 frilled lizards (D:1)
  3 rats (D:1)
24 creatures vanquished.

Notes
Turn   | Place    | Note
-------+----------+-------------------------------------------
     0 | D:1      | KleinerIrrer the Gargoyle Fighter began the quest for the Orb.
     0 | D:1      | Reached XP level 1. HP: 14/14 MP: 1/1
   179 | D:1      | Reached XP level 2. HP: 18/19 MP: 2/2
   391 | D:1      | Reached XP level 3. HP: 22/24 MP: 3/3
   643 | D:2      | HP: 1/24 [gnoll/spear (3)]
   644 | D:2      | Slain by a gnoll

Skill      XL: |  1  2  3 |
---------------+----------+-----
Fighting       | 4 |  4.1
Shields        | 4 |  4.0
Maces & Flails | |  2.2
Armour         | |  3.7
Dodging        | |  0.1

Action                   || total
-------------------------++-------
Melee: Flail             ||    79
       Whip              ||    11
  Use: Potion            ||     1
Armor: Scale mail        ||    64
Dodge: Dodged            ||    34
Block: Shield            ||    57
